 Seeded DCSS version 0.30-a0-857-gcaf70739d4 (webtiles) character file.

Game seed: 18242870539230726858 (custom seed)

8543 bmack86 the Cleaver (level 11, -1/95 HPs)
             Began as a Minotaur Fighter on Mar 6, 2023.
             Was a High Priest of Okawaru.
             Slain by a two-headed ogre
             ... wielding a +0 giant club
              (5 damage)
             ... on level 9 of the Dungeon.
             The game lasted 00:24:27 (7862 turns).

bmack86 the Cleaver (Minotaur Fighter)              Turns: 7862, Time: 00:24:27

Health: -1/95      AC: 23    Str: 29    XL:     11   Next: 11%
Magic:  9/14       EV: 11    Int:  7    God:    Okawaru [*****.]
Gold:   1055       SH:  7    Dex: 13    Spells: 10/10 levels left

rFire   . . .      SeeInvis .    L - +5 war axe
rCold   . . .      Faith    .    c - +0 buckler
rNeg    . . .      Spirit   .    C - +1 chain mail {Will+}
rPois   +          Reflect  .    (helmet restricted)
rElec   .          Rampage  .    d - +1 cloak of Impressiveness {rPois Str+4 Int+2 Slay+3}
rCorr   .                        D - +2 pair of gloves {Dex+3}
Will    +....                    j - +2 pair of boots {Fly} Stlth
                                 p - amulet of regeneration
HPRegen 1.15/turn                k - ring of poison resistance
MPRegen 0.14/turn                (no ring)

@: heroic, finesse-ful, flying
A: horns 2, retaliatory headbutt
a: Renounce Religion, Heroism, Finesse, Duel


You were on level 9 of the Dungeon.
You worshipped Okawaru.
Okawaru was extremely pleased with you.
You visited 2 branches of the dungeon, and saw 10 of its levels.
You also visited: Bailey.

You collected 1496 gold pieces.
You spent 441 gold pieces at shops.

Inventory:

Hand Weapons
 a - a +0 war axe
 L - a +5 war axe (weapon)
Missiles
 q - a throwing net
 v - 23 boomerangs (quivered)
Armour
 b - a +0 scale mail
 c - a +0 buckler (worn)
 d - the +1 cloak of Impressiveness (worn) {rPois Str+4 Int+2 Slay+3}
   (You acquired it on level 7 of the Dungeon)

   Str:       It affects your strength (+4).
   Int:       It affects your intelligence (+2).
   Slay:      It affects your accuracy & damage with ranged weapons and melee
   (+3).
   rPois:     It protects you from poison.
 j - a +2 pair of boots of flying (worn)
 s - a +0 plate armour
 B - a scarf of resistance
 C - a +1 chain mail of willpower (worn)
 D - a +2 pair of gloves of dexterity (worn)
 F - a +1 cloak
Jewellery
 k - a ring of poison resistance (left hand)
 p - an amulet of regeneration (around neck)
 y - a ring of flight
Wands
 M - a wand of mindburst (19)
 N - a wand of roots (10)
Scrolls
 f - 2 scrolls of fear
 h - 3 scrolls of vulnerability
 i - a scroll of noise
 l - 5 scrolls of enchant weapon
 o - 3 scrolls of teleportation
 r - a scroll of torment
 t - 4 scrolls of immolation
 u - a scroll of fog
 w - 2 scrolls of blinking
 x - 2 scrolls of poison
 E - a scroll of enchant armour
 I - a scroll of butterflies
 K - a scroll of identify
Potions
 e - 2 potions of attraction
 g - 3 potions of mutation
 m - 2 potions of lignification
 n - 2 potions of invisibility
 z - a potion of magic
 A - 3 potions of curing
 G - 3 potions of heal wounds
 H - 2 potions of flight
 J - a potion of resistance


   Skills:
 + Level 8.9(13.9) Fighting
 * Level 11.6(16.6) Axes
 + Level 5.9(10.9) Throwing
 + Level 8.9(13.9) Armour
 + Level 9.0(14.0) Shields
 + Level 5.7 Invocations


You had 10 spell levels left.
You didn't know any spells.
Your spell library contained the following spells:

 Spells                   Type           Power      Damage    Failure   Level
 Kiss of Death            Conj/Necr      0%         2d5       88%         1
 Magic Dart               Conj           0%         1d3       88%         1
 Lesser Beckoning         Tloc           0%         N/A       96%         2
 Confusing Touch          Hex            0%         N/A       99%         3
 Gell's Gravitas          Tloc           0%         N/A       99%         3
 Hailstorm                Conj/Ice       0%         3d3       99%         3
 Mephitic Cloud           Conj/Pois/Air  0%         N/A       99%         3
 Teleport Other           Tloc           0%         N/A       99%         3
 Dispel Undead            Necr           0%         3d6       100%        4
 Ice Form                 Ice/Tmut       0%         N/A       100%        4
 Call Imp                 Summ           Unusable   N/A       N/A         2
 Simulacrum               Ice/Necr       Unusable   N/A       N/A         6

Dungeon Overview and Level Annotations

Branches:
Dungeon (9/15)             Temple (1/1) D:6          Bailey (visited)
   Lair: D:8-11         Orc: D:9-12

Altars:
Cheibriados
Gozag
Kikubaaqudgha
Okawaru
Qazlal
Ru
Trog
Vehumet
Wu Jian
Yredelemnul
Zin
The Shining One

Shops:
D:1 ((*[*   D:2 *   D:6 *

Annotations:
Temple 2 transporters


Innate Abilities, Weirdness & Mutations

You have a pair of horns on your head.
You reflexively headbutt those who attack you in melee.


Message History

The two-headed ogre hits you but does no damage.
The two-headed ogre barely misses you. The basilisk bites you!
The shadow slips into darkness.
The shadow flickers and vanishes!
Deactivating autopickup; reactivate with Ctrl-A.
The two-headed ogre hits you with a +0 giant club!
The two-headed ogre hits you but does no damage.
The shadow strikes at you from the darkness!
Reactivating autopickup.
The basilisk bites you.
The two-headed ogre hits you with a +0 giant club! x2
* * * LOW HITPOINT WARNING * * *
The shadow slips into darkness.
The shadow flickers and vanishes!
Deactivating autopickup; reactivate with Ctrl-A.
The basilisk gazes at you. You resist with almost no effort.
The two-headed ogre hits you but does no damage.
The two-headed ogre barely misses you.
You turn to flesh and can move again.
You hit the two-headed ogre but do no damage.
The two-headed ogre is moderately wounded.
You slash something! You slash the basilisk! You slash the two-headed ogre!
You block the two-headed ogre's attack.
The two-headed ogre hits you but does no damage.
The shadow strikes at you from the darkness!
* * * LOW HITPOINT WARNING * * *
Reactivating autopickup.
The basilisk misses you.
You slash the two-headed ogre!
Your headbutt misses the two-headed ogre.
The two-headed ogre is heavily wounded.
You slash the basilisk! You hit the two-headed ogre. You hit the shadow.
Unknown command.
You slice the two-headed ogre!! You headbutt the two-headed ogre!
The two-headed ogre is almost dead.
You slash the basilisk! You slash the two-headed ogre!
You hit the shadow but do no damage. You block the two-headed ogre's attack.
The two-headed ogre hits you with a +0 giant spiked club.
You die...

#..# #.# #..# #.#
#..# #.# #[.# #.#
#..# #.# ## ###..#
#.# #.$#++#$.#..#
#.# #$#....#?#..#
#.# #...O@l##..#
#.# +...OW.'...#
#.# # +......'...#
#.# #
#....##......##..#
#.# #
#....#?#....#(#..#
#.# #
#....#.!#++#).#..#
#.# #
#....####..####..#
#.# # #.........#
#..# #.#
######.........#
#..# #.#


You could see 2 two-headed ogres, a basilisk and a shadow.

Vanquished Creatures
  An orc warlord (Bailey)
  The ghost of Newt the Skirmisher, a novice KoHu (D:8)
  Pikel (D:8)
  The ghost of oldplebian the Cudgeller, a novice GnCA of Ignis (D:7)
  2 orc knights (Bailey)
  Maurice (D:8)
  Sigmund (D:2)
  6 yaks (D:8)
  3 steam dragons
  3 vampire mosquitoes (D:8)
  A water moccasin (D:5)
  5 black bears
  3 orc warriors (Bailey)
  An ogre (D:4)
  A sky beast (D:7)
  2 centaurs
  3 phantoms
  2 kobold brigands
  2 bullfrogs
  A scorpion (D:4)
  4 wights (D:8)
  5 killer bees (D:7)
  4 electric eels (D:8)
  3 hounds
  A jelly (D:7)
  2 gnoll boudas
  2 orc priests (D:7)
  5 iguanas
  A sleepcap (D:5)
  8 orc wizards
  19 gnolls
  8 adders
  A shadow imp (D:6)
  2 white imps
  An ufetubus (D:6)
  A worm (D:2)
  2 dart slugs
  23 orcs
  7 ball pythons
  6 endoplasms
  7 giant cockroaches
  19 goblins
  6 hobgoblins
  3 quokkas
  9 bats
  15 frilled lizards
  31 kobolds
  6 rats
242 creatures vanquished.

Vanquished Creatures (others)
  17 plants
17 creatures vanquished.

Grand Total: 259 creatures vanquished

Notes
Turn   | Place    | Note
-------+----------+-------------------------------------------
     0 | D:1      | bmack86 the Minotaur Fighter began the quest for the Orb.
     0 | D:1      | Reached XP level 1. HP: 19/19 MP: 0/0
   231 | D:1      | Reached XP level 2. HP: 27/27 MP: 1/1
   233 | D:1      | Found Iczoal's Antique Armour Shop.
   317 | D:1      | Found Mazynewu's Weapon Shoppe.
   359 | D:1      | Found Mapt's Weapon Shop.
   369 | D:1      | Reached skill level 3 in Axes
   412 | D:1      | Found Ridunu's General Store.
   489 | D:1      | Bought a scroll of identify for 20 gold pieces
   649 | D:1      | Found Gaux's General Store.
   919 | D:2      | Noticed Sigmund
   929 | D:2      | Reached XP level 3. HP: 33/33 MP: 2/2
   932 | D:2      | Killed Sigmund
   933 | D:2      | Reached skill level 4 in Axes
   933 | D:2      | Reached XP level 4. HP: 32/41 MP: 3/3
   933 | D:2      | Reached XP level 5. HP: 36/47 MP: 4/4
  1133 | D:2      | Reached skill level 5 in Axes
  1186 | D:2      | Identified the +0 leather armour of Xuytoo {rF++ rN+}
  1355 | D:2      | Found Qerurash's Assorted Antiques.
  1365 | D:2      | Bought a thin malachite amulet for 125 gold pieces
  1789 | D:2      | Reached XP level 6. HP: 55/55 MP: 5/5
  1866 | D:3      | Reached skill level 5 in Fighting
  1866 | D:3      | Reached skill level 5 in Armour
  1866 | D:3      | Reached skill level 5 in Shields
  2838 | D:4      | Found an opulent altar of Gozag.
  2897 | D:4      | Reached skill level 6 in Axes
  2897 | D:4      | Reached XP level 7. HP: 56/61 MP: 6/6
  3112 | D:4      | Found a sacrificial altar of Ru.
  3112 | D:4      | Found an iron altar of Okawaru.
  3121 | D:4      | Became a worshipper of Warmaster Okawaru
  3193 | D:4      | Reached skill level 1 in Throwing
  3289 | D:5      | Entered Level 5 of the Dungeon
  3347 | D:5      | Reached skill level 1 in Invocations
  3436 | D:5      | Reached * piety under Okawaru
  3453 | D:5      | Identified the +0 quarterstaff "Mujap" {heavy, Will+}
  3521 | D:5      | Reached skill level 7 in Axes
  3521 | D:5      | Reached XP level 8. HP: 63/70 MP: 8/8
  4154 | D:6      | Found Yffurim's Assorted Antiques.
  4157 | D:6      | Bought a scroll labelled QINEB HARRUKU for 29 gold pieces
  4157 | D:6      | Bought a scroll labelled VENOUL ITESEAMO for 29 gold pieces
  4157 | D:6      | Bought a scroll labelled ZUSI RYIMEBAANG for 29 gold pieces
  4391 | D:6      | Reached ** piety under Okawaru
  4469 | D:6      | Found a staircase to the Ecumenical Temple.
  4491 | Temple   | Entered the Ecumenical Temple
  4491 | Temple   | Found a transporter.
  4491 | Temple   | Found a transporter.
  4613 | D:6      | Found a snail-covered altar of Cheibriados.
  4641 | D:6      | Found an ornate altar of the Wu Jian Council.
  4729 | D:6      | Reached skill level 8 in Axes
  5034 | D:1      | Bought a scroll of identify for 20 gold pieces
  5034 | D:1      | Bought a scroll of enchant weapon for 75 gold pieces
  5034 | D:1      | Bought a scroll of identify for 20 gold pieces
  5079 | D:1      | Bought a scroll of identify for 24 gold pieces
  5145 | D:2      | Bought 2 sedimented yellow potions for 45 gold pieces
  5145 | D:2      | Bought a scroll labelled ARRYLA AGUOGG for 25 gold pieces
  5149 | D:2      | Identified a scroll of acquirement
  5150 | D:2      | Acquired a +2 pair of gloves of dexterity
  5318 | D:7      | Found a flagged portal.
  5330 | Bailey   | Entered a bailey
  5336 | Bailey   | Noticed an orc warlord
  5400 | Bailey   | Noticed an orc knight
  5433 | Bailey   | Killed an orc knight
  5434 | Bailey   | Reached XP level 9. HP: 44/78 MP: 8/10
  5503 | Bailey   | Found a runed translucent gate.
  5504 | Bailey   | Found a runed translucent gate.
  5524 | Bailey   | Found a runed translucent gate.
  5530 | Bailey   | Noticed an orc knight
  5542 | Bailey   | Killed an orc knight
  5542 | Bailey   | Reached *** piety under Okawaru
  5543 | Bailey   | Reached skill level 9 in Axes
  5626 | Bailey   | Killed an orc warlord
  5645 | Bailey   | Identified the +1 scale mail of the Solstice {*Slow Fly rF-
                  | Dex+9}
  5656 | Bailey   | Acquired 773 gold pieces
  5775 | D:7      | Found a runed translucent door.
  5905 | D:7      | Acquired the +1 cloak of Impressiveness {rPois Str+4 Int+2
                  | Slay+3}
  5992 | D:7      | Reached skill level 10 in Axes
  5992 | D:7      | Reached XP level 10. HP: 88/88 MP: 12/12
  6092 | D:7      | Reached **** piety under Okawaru
  6808 | D:7      | Noticed oldplebian's ghost (novice GnCA)
  6817 | D:7      | Killed oldplebian's ghost
  6818 | D:7      | Reached skill level 5 in Throwing
  6846 | D:8      | Found a runed translucent door.
  6847 | D:8      | Noticed Newt's ghost (novice KoHu)
  7023 | D:8      | Reached skill level 5 in Invocations
  7073 | D:8      | Reached skill level 11 in Axes
  7077 | D:8      | Reached ***** piety under Okawaru
  7376 | D:8      | Noticed Pikel
  7384 | D:8      | Killed Pikel
  7615 | D:8      | Noticed Maurice
  7621 | D:8      | Killed Maurice
  7676 | D:8      | Killed Newt's ghost
  7676 | D:8      | Received a gift from Okawaru
  7677 | D:8      | Reached XP level 11. HP: 95/95 MP: 12/14
  7845 | D:9      | Noticed a two-headed ogre
  7845 | D:9      | Noticed a two-headed ogre
  7860 | D:9      | HP: 3/95 [something (26)]
  7862 | D:9      | Slain by a two-headed ogre

Illustrated notes

Levels and vault maps discovered:
D:1:      dpeg_arrival_stone_temple_mockup, layout_basic, serial_shops, shop,
          shop_statue, shop_statue, nicolae_shop_advertising_works
          [nicolae_subvault_shop_adworks], nicolae_shop_bloodbath_and_beyond,
          minmay_lizard_king
D:2:      layout_loops_ring, serial_shops, nicolae_lakefront_shop,
          minmay_pentomino_pile, uniq_sigmund
D:3:      layout_loops_ring
D:4:      layout_cave_pods, grunt_gozag_statues,
          mainiacjoe_overflow_divided_tiny
D:5:      minmay_angry_zag, layout_gridville
D:6:      layout_basic, mainiacjoe_overflow_two_lobes,
          minmay_temple_entry_slanted, serial_shops, nicolae_stop_n_shop_2,
          hangedman_decor_growths
D:7:      layout_layer_cave, enter_bailey_3, ebering_ghost_reflecting_pool
D:8:      layout_loops_cross, ebering_ghost_inner_flame, serial_bayou_lake_a,
          uniq_pikel, uniq_maurice
D:9:      layout_long_grid, lightli_fourway_metalbox
Temple:   hellmonk_temple_divided_pantheon

Skill      XL: |  1  2  3  4  5  6  7  8  9 10 11 |
---------------+----------------------------------+-----
Axes           | 3 4 5 6 7 8 10 11 | 11.6
Fighting       | 4 5 6 7 8 |  8.9
Armour         | 4 5 6 7 8 |  8.9
Shields        | 4 5 6 7 8 9 |  9.0
Throwing       | 2 3 4 5 |  5.9
Invocations    | 1 3 4 5 |  5.7

Action                     |  1- 3 |  4- 6 |  7- 9 | 10-12 || total
---------------------------+-------+-------+-------+-------++-------
  Melee: War axe           |    41 |   155 |   197 |   126 ||   519
         Headbutt          |     7 |    14 |    35 |    26 ||    82
  Throw: Boomerang         |       |       |     3 |       ||     3
 Invoke: Heroism           |       |       |     2 |     4 ||     6
         Finesse           |       |       |       |     1 ||     1
    Use: Scroll            |       |     1 |    18 |     8 ||    27
         Potion            |       |       |     2 |       ||     2
 Armour: Scale mail        |    28 |    46 |       |       ||    74
         Plate armour      |       |    68 |    93 |       ||   161
         Chain mail        |       |       |    85 |   102 ||   187
  Dodge: Dodged            |    33 |    59 |    88 |    61 ||   241
  Block: Buckler           |    10 |    39 |    86 |    47 ||   182

Table legend: (Time is in decaauts)
 A = Elapsed time spent in this place.
 B = Non-inter-level travel time spent in this place.
 C = Inter-level travel time spent in this place.
 D = Time resting spent in this place.
 E = Time spent auto-exploring this place.
 F = Levels seen in this place.
 G = Mean time per level.
                   A        B        C        D        E       F      G
               +--------+--------+--------+--------+--------+-----+--------+
         Total |   7915 |   7391 |    524 |    115 |   5156 |  11 |  719.5 |
       Dungeon |   7592 |   7068 |    524 |     97 |   5156 |   9 |  843.6 |
        Temple |      1 |      1 |      0 |      0 |      0 |   1 |    1.0 |
        Bailey |    320 |    320 |      0 |     18 |      0 |   1 |  320.0 |
               +--------+--------+--------+--------+--------+-----+--------+

Top non-repeatable levels by time:
     D:7: 1220 daAuts
     D:2: 1074 daAuts
     D:1: 991 daAuts
     D:5: 921 daAuts
     D:8: 885 daAuts
     D:4: 871 daAuts
     D:6: 791 daAuts
     D:3: 706 daAuts
  Bailey: 320 daAuts
     D:9: 129 daAuts
  Temple: 1 daAuts
